 Dungeon Crawl Stone Soup version 0.14-a0-2034-gd6cb3fa (webtiles) character file.

3195 ReteAZ the Martial Artist (level 9, -4/60 HPs)
             Began as a Tengu Monk on Jan 20, 2014.
             Was a Believer of Cheibriados.
             Slain by an orc warrior
             ... wielding the +4,+10 hand axe of Hiolim {flame, rPois rC+ rN+ Int+1}
              (9 damage)
             ... on Level 8 of the Dungeon.
             The game lasted 00:33:02 (8050 turns).

ReteAZ the Martial Artist (Tengu Monk)              Turns: 8050, Time: 00:33:04

HP  -4/60        AC  4     Str 15      XL: 9   Next: 79%
MP  12/12        EV 24     Int 16      God: Cheibriados [**....]
Gold 273         SH  0     Dex 29      Spells:  0 memorised,  8 levels left

rFire  . . .     SeeInvis .       - Unarmed
rCold  . . .     Clarity  .     a - +0 robe
rNeg   . . .     Conserve .     (no shield)
rPois  +         rCorr    .     (helmet restricted)
rElec  .         rRot     .     D - +0 cloak of Virtue {Str-4 Dex+4 Curse}
SustAb . .       Spirit   .     g - +0 pair of dwarf gloves
rMut   .         Warding  .     (boots unavailable)
Saprov . . .     Stasis   .     (no amulet)
MR     .....                    d - ring of poison resistance
                                e - ring of flight

@: very slow, not resistant to hostile enchantments, stealthy
A: able to fly, beak, talons 3, repulsion field 1, blurry vision 1, robust 1
a: Fly, Bend Time, Renounce Religion, Evoke Flight


You were on level 8 of the Dungeon.
You worshipped Cheibriados.
Cheibriados was pleased with you.
You were not hungry.

You visited 2 branches of the dungeon, and saw 9 of its levels.
You also visited: Sewer.

You collected 432 gold pieces.
You spent 159 gold pieces at shops.

Inventory:

Armour
 a - a +0 robe (worn)
 g - a +0 pair of dwarven gloves (worn)
 D - the cursed +0 cloak of Virtue (worn) {Str-4 Dex+4 Curse}
   (You bought it in a shop on level 8 of the Dungeon)

   It affects your strength (-4).
   It affects your dexterity (+4).
   It may recurse itself when equipped.
   It has a curse placed upon it.
Magical devices
 q - a wand of digging (9)
 t - a wand of lightning (0)
 F - a wand of confusion (11)
Comestibles
 b - 7 bread rations
 f - 3 chokos
 l - 2 meat rations
 v - a rotting chunk of wyvern flesh
 w - a banana
 A - a pear
 B - an apple
 C - a rotting chunk of yellow wasp flesh
 E - 8 slices of pizza
Scrolls
 c - a scroll of amnesia {unknown}
 h - 2 scrolls of magic mapping
 i - 2 scrolls of teleportation
 j - a scroll of enchant weapon I
 m - 9 scrolls of identify
 n - 2 scrolls of remove curse
 o - 2 scrolls of blinking
 p - a scroll of recharging
 s - a scroll of fear
 u - 5 scrolls of enchant armour
 x - 2 scrolls of enchant weapon II {unknown}
 y - a scroll of silence {unknown}
Jewellery
 d - a ring of poison resistance (right hand)
 e - a ring of flight (left hand)
 k - a cursed ring of fire
 r - an uncursed ring of ice {unknown}
Potions
 z - a potion of curing


   Skills:
 - Level 6.0 Fighting
 + Level 8.3 Dodging
 - Level 2.0 Stealth
 * Level 11.6 Unarmed Combat


You had 8 spell levels left.
You didn't know any spells.

Dungeon Overview and Level Annotations

Branches:
Dungeon (8/16)             Temple (1/1) D:7            Lair (0/8) D:8

Altars:
Ashenzari
Cheibriados
Dithmengos
Fedhas
Makhleb
Okawaru
Sif Muna
Trog
Xom
Zin

Shops:
D:4 (   D:6 *   D:8 [

Annotations:
D:7 Bloax's ghost, experienced SpMo


Innate Abilities, Weirdness & Mutations

You can fly.
You have a beak for a mouth.
You have claws for feet.
You are surrounded by a mild repulsion field (EV +2).
Your vision is a little blurry.
You are robust (+10% HP).


Message History

You punch the orc warrior!
You claw the orc warrior, but do no damage.
You peck the orc warrior.
The orc warrior is moderately wounded.
The orc warrior hits you with a sapphire hand axe!
The orc warrior burns you!
You hit the orc warrior but do no damage.
You claw the orc warrior, but do no damage.
You peck the orc warrior.
The orc warrior is heavily wounded.
The orc warrior completely misses you.
You hit the orc warrior.
The orc warrior is severely wounded.
You hit the orc warrior but do no damage.
You claw the orc warrior. You peck the orc warrior.
The orc warrior is almost dead.
The orc warrior hits you with a sapphire hand axe {flame}!
* * * LOW HITPOINT WARNING * * *
The orc warrior burns you!
You die...

.....#......##)#......#..#...#...
##...#......##.#.#.#..##.#...#...
.....#......############.#...###.
.................................
.....#.#.#######.#######.#...###.
.....#.#.# #.# #.#...# #.
.....#.#.### #)# #.###.# #.
...#....... #)# #.# .# #.
.)......##@#######.# .# #.
#...o)...>..... ..
#..##.....###.# .# ..
#.###.....###.# .#
...#.............. ..
......##.....###.# .
................<.#
>......).)........
..........#.......


You could see an orc warrior.

Vanquished Creatures
  A wyvern (D:8)
  The ghost of Bastard the Insei, an average DsMo (D:3)
  Menkaure (D:4)
  An orc warrior (D:8)
  2 phantoms
  A black bear (D:4)
  An ice beast (D:8)
  A yellow wasp (D:8)
  2 centaurs
  Sigmund (D:5)
  2 giant frogs
  A manticore skeleton (D:6)
  A hippogriff zombie (D:3)
  A yak zombie (D:7)
  A giant frog zombie (D:5)
  2 quasits
  5 crimson imps
  6 orc priests
  7 hounds
  4 orc wizards
  4 worker ants
  3 iguanas
  4 scorpions
  An ogre zombie (D:6)
  7 gnolls
  14 adders
  4 giant mites
  6 worms
  11 giant geckos
  An ooze (D:5)
  24 orcs
  6 ball pythons
  A bat zombie (D:7)
  13 goblins
  14 hobgoblins
  7 jackals (D:1)
  13 kobolds
  3 quokkas
  A ball python zombie (D:2)
  16 bats
  9 giant cockroaches
  A giant gecko skeleton (D:6)
  8 giant newts
  2 goblin zombies
  A hobgoblin skeleton (D:4)
  A hobgoblin zombie (D:2)
  2 orc zombies
  12 rats
  A rat skeleton (D:2)
  2 butterflies (D:3)
234 creatures vanquished.

Vanquished Creatures (others)
  A giant spore (D:6)
1 creature vanquished.

Grand Total: 235 creatures vanquished

Notes
Turn   | Place    | Note
--------------------------------------------------------------
     0 | D:1      | ReteAZ, the Tengu Monk, began the quest for the Orb.
     0 | D:1      | Reached XP level 1. HP: 14/14 MP: 1/1
    90 | D:1      | Reached XP level 2. HP: 10/19 MP: 3/3
   271 | D:1      | Reached skill level 5 in Unarmed Combat
   477 | D:1      | Reached XP level 3. HP: 16/23 MP: 4/4
  1085 | D:2      | Paralysed by a potion of paralysis for 2 turns
  1138 | D:2      | Reached XP level 4. HP: 23/28 MP: 5/5
  1754 | D:2      | Reached XP level 5. HP: 26/32 MP: 7/7
  1878 | D:3      | Noticed Bastard's ghost (average DsMo)
  1913 | D:3      | Killed Bastard's ghost
  1913 | D:3      | Reached skill level 6 in Unarmed Combat
  1913 | D:3      | Reached XP level 6. HP: 17/37 MP: 8/8
  2323 | D:3      | Found a shimmering altar of Xom.
  2848 | D:4      | Noticed Menkaure
  2871 | D:4      | Killed Menkaure
  2871 | D:4      | Reached skill level 5 in Dodging
  2871 | D:4      | Reached skill level 7 in Unarmed Combat
  2871 | D:4      | Reached XP level 7. HP: 13/43 MP: 9/9
  3164 | D:4      | Found a glowing drain.
  3168 | Sewer    | Entered a sewer
  3878 | D:4      | Reached skill level 5 in Fighting
  3878 | D:4      | Reached skill level 8 in Unarmed Combat
  4005 | D:4      | Reached XP level 8. HP: 21/49 MP: 11/11
  4219 | D:4      | Found Smawkaf's Weapon Shoppe.
  4690 | D:4      | Gained mutation: You are robust (+10% HP). [potion of mutation]
  4690 | D:4      | Gained mutation: Your vision is a little blurry. [potion of mutation]
  4690 | D:4      | Gained mutation: You are surrounded by a mild repulsion field (EV +2). [potion of mutation]
  4721 | D:5      | Entered Level 5 of the Dungeon
  5118 | D:5      | Noticed Sigmund
  5131 | D:5      | Killed Sigmund
  5131 | D:5      | Reached skill level 9 in Unarmed Combat
  6306 | D:6      | Found Ytiuh's General Store.
  6316 | D:6      | Reached XP level 9. HP: 51/60 MP: 12/12
  6328 | D:6      | Bought a scroll of identify for 20 gold pieces
  6328 | D:6      | Bought a potion of curing for 20 gold pieces
  6336 | D:6      | Found a shadowy altar of Dithmengos.
  6417 | D:6      | Reached skill level 10 in Unarmed Combat
  6636 | D:6      | Found a bloodstained altar of Trog.
  7146 | D:7      | Noticed Bloax's ghost (experienced SpMo)
  7175 | D:7      | HP: 3/60 [Bloax's ghost (5)]
  7198 | D:7      | HP: 2/60 [worker ant (6)]
  7532 | D:7      | Found a staircase to the Ecumenical Temple.
  7537 | Temple   | Entered the Ecumenical Temple
  7560 | Temple   | Became a worshipper of Cheibriados the Contemplative
  7742 | D:8      | Found a shattered altar of Ashenzari.
  7747 | D:8      | Reached skill level 11 in Unarmed Combat
  7871 | D:8      | Found Xoosoaf's Armour Emporium.
  7883 | D:8      | Bought the +0 cloak of Virtue {Str-4 Dex+4 Curse} for 119 gold pieces
  8026 | D:8      | Found a staircase to the Lair.
  8050 | D:8      | Identified the +4,+10 hand axe of Hiolim {flame, rPois rC+ rN+ Int+1}
  8050 | D:8      | Slain by an orc warrior

Action                   |  1- 3 |  4- 6 |  7- 9 || total
-------------------------+-------+-------+-------++-------
Melee: Unarmed           |   104 |   164 |   447 ||   715
Throw: Dart              |       |     2 |     2 ||     4
Evoke: Wand              |       |       |    10 ||    10
  Use: Scroll            |     6 |     5 |     7 ||    18
       Potion            |     3 |     6 |     6 ||    15
 Stab: Sleeping          |     2 |     4 |     4 ||    10
       Distracted        |       |       |     3 ||     3
